 Dungeon Crawl Stone Soup version 0.31.0-10-gcf4a605ca0 (webtiles) character file.

Game seed: 9034010909350999332

337 Curundu the Chopper (level 6, -4/56 HPs)
             Began as a Minotaur Berserker on Jan 25, 2024.
             Was a Believer of Trog.
             Slain by a gnoll
             ... wielding a +0 spear
             ... led by a gnoll bouda
              (9 damage)
             ... on level 5 of the Dungeon.
             The game lasted 00:07:16 (2437 turns).

Curundu the Chopper (Minotaur Berserker)            Turns: 2437, Time: 00:07:17

Health: -4/56      AC:  2    Str: 24    XL:     6   Next: 28%
Magic:  5/5        EV: 12    Int:  4    God:    Trog [**....]
Gold:   111        SH:  0    Dex:  9    Spells: 5/5 levels left

rFire   . . .        a - +0 hand axe
rCold   . . .        (no shield)
rNeg    . . .        b - +0 animal skin
rPois   .            (helmet restricted)
rElec   .            (no cloak)
rCorr   .            (no gloves)
SInv    .            (no boots)
Will    .....        (no amulet)
Stlth   +            (no ring)
HPRegen 0.29/turn    (no ring)
MPRegen 0.09/turn

%: no passive effects
@: no status effects
A: horns 2, retaliatory headbutt
a: Renounce Religion, Berserk, Trog's Hand


You were on level 5 of the Dungeon.
You worshipped Trog.
Trog was pleased with you.
You visited 1 branch of the dungeon, and saw 5 of its levels.

You collected 111 gold pieces.

Inventory:

Hand Weapons
 a - a +0 hand axe (weapon)
Armour
 b - a +0 animal skin (worn)
Wands
 e - a wand of polymorph (7) (quivered)
Scrolls
 d - a scroll of enchant armour {unknown}
 f - a scroll of teleportation {unknown}
Potions
 c - 3 potions of curing
 g - a potion of heal wounds {unknown}


   Skills:
 + Level 5.1 Fighting
 + Level 6.4 Axes
 + Level 2.5 Armour
 + Level 3.9 Dodging
 + Level 1.1 Stealth
 + Level 0.1 Evocations


You had 5 spell levels left.
You didn't know any spells.
Your spell library was empty.

Dungeon Overview and Level Annotations

Branches:
Dungeon (6/15)
 Temple: D:4-7

Altars:
Ashenzari
Wu Jian

Annotations:
D:3 2 transporters, groovy9's ghost, amateur DEHu


Innate Abilities, Weirdness & Mutations

You have a pair of horns on your head.
You reflexively headbutt those who attack you in melee.


Message History

The gnoll is moderately wounded.
The gnoll misses you.
You hit the gnoll.
The gnoll is severely wounded.
The gnoll misses you.
You slash the gnoll!
You kill the gnoll!
Trog accepts your kill.
The gnoll shouts!
Things that are here:
a +0 halberd; a throwing net The gnoll bouda shouts!
The gnoll shouts!
The gnoll bouda barks out a call to the hunt!
The gnoll picks up the pace!
Things that are here:
a +0 halberd; a throwing net The gnoll closely misses you.
The gnoll hits you with a +0 spear. The gnoll closely misses you.
You barely miss the gnoll. The gnoll hits you with a +0 spear.
The gnoll hits you from afar with a +0 halberd.
You hit the gnoll.
The gnoll is lightly wounded.
The gnoll barely misses you.
The gnoll hits you from afar with a +0 spear.
You hit the gnoll bouda.
The gnoll bouda is lightly wounded.
The gnoll hits you from afar with a +0 halberd!
The gnoll hits you from afar with a +0 spear.
You slash the gnoll bouda!
The gnoll bouda is moderately wounded.
The gnoll bouda hits you with a +0 club!
* * * LOW HITPOINT WARNING * * *
The gnoll hits you from afar with a +0 halberd.
* * * LOW HITPOINT WARNING * * *
The gnoll barely misses you.
You barely miss the gnoll bouda.
The gnoll bouda is moderately wounded.
The gnoll bouda barely misses you. The gnoll misses you.
The gnoll hits you from afar with a +0 spear!
You die...

#.# .#.#
####.###.#.
#........#
#........###
#...........
#...........
#...gg..gg.g
####g##...g.
####@##. ... ###
#....##. ##...
#.#### . .... #
#.# .###..#
#.#.######.....#
#.#.##......#
#.#.##.##.>.#
#....#....######
###########


You could see a gnoll bouda and 2 gnolls.

Vanquished Creatures
  Sigmund (D:2)
  A bombardier beetle (D:3)
  A gnoll (D:5)
  6 adders
  4 dart slugs
  5 ball pythons
  7 endoplasms
  4 giant cockroaches
  9 goblins
  5 hobgoblins
  7 bats
  5 frilled lizards
  6 kobolds
  7 rats
68 creatures vanquished.

Notes
Turn   | Place    | Note
-------+----------+-------------------------------------------
     0 | D:1      | Curundu the Minotaur Berserker began the quest for the Orb.
     0 | D:1      | Reached XP level 1. HP: 19/19 MP: 0/0
    96 | D:1      | Reached skill level 4 in Axes
   127 | D:1      | Reached XP level 2. HP: 22/27 MP: 1/1
   573 | D:1      | Reached ** piety under Trog
   617 | D:1      | Reached XP level 3. HP: 32/33 MP: 2/2
  1493 | D:2      | Reached XP level 4. HP: 41/41 MP: 3/3
  1509 | D:2      | Found an ornate altar of the Wu Jian Council.
  1918 | D:2      | Noticed Sigmund
  1929 | D:2      | Killed Sigmund
  1930 | D:2      | Reached skill level 5 in Fighting
  1930 | D:2      | Reached skill level 6 in Axes
  1930 | D:2      | Reached skill level 1 in Stealth
  1930 | D:2      | Reached XP level 5. HP: 38/48 MP: 4/4
  2058 | D:3      | Reached XP level 6. HP: 40/56 MP: 5/5
  2210 | D:3      | Noticed groovy9's ghost (amateur DEHu)
  2211 | D:3      | Found a transporter.
  2212 | D:3      | Found a transporter.
  2357 | D:3      | You fall into a shaft and drop 3 floors!
  2361 | D:6      | Found a broken altar of Ashenzari.
  2382 | D:5      | Entered Level 5 of the Dungeon
  2437 | D:5      | Slain by a gnoll

Illustrated notes

Levels and vault maps discovered:
D:1:      dpeg_arrival_ratfight, layout_basic, minmay_tree_intersection,
          minmay_octomino_j4
D:2:      layout_basic, basic_altar, uniq_sigmund
D:3:      layout_rooms, gammafunk_ghost_mausoleum, minmay_misc_feat_square,
          kennysheep_flooded_box
D:5:      layout_basic, serial_co_window_serial, co_window_paths_a,
          co_window_paths_a, co_window_paths_a, co_window_paths_a,
          co_window_corner_a, co_window_of_opportunity_b, co_window_corner_cb,
          co_window_of_opportunity_b, co_window_4corner_a, glass_columns_a,
          glass_columns_b, glass_columns_c, glass_columns_b, glass_columns_b,
          uniq_menkaure, uniq_grinder
D:6:      layout_cave_pools, ashenzari_altar_1, minmay_temple_entry_nine_rooms

Skill      XL: |  1  2  3  4 |
---------------+-------------+-----
Axes           | 4 6 |  6.4
Fighting       | 4 5 |  5.1
Dodging        | 3 |  3.9
Stealth        | 1 |  1.1
Armour         | |  2.5
Evocations     | |  0.1

Action                     |  1- 3 |  4- 6 || total
---------------------------+-------+-------++-------
  Melee: Hand axe          |    86 |    57 ||   143
         Headbutt          |    12 |    11 ||    23
 Invoke: Berserk           |       |     1 ||     1
         Trog's Hand       |       |     1 ||     1
  Evoke: Wand              |     2 |       ||     2
    Use: Scroll            |     2 |     2 ||     4
 Armour: Animal skin       |    57 |    38 ||    95
  Dodge: Dodged            |    74 |    39 ||   113
